 Dungeon Crawl Stone Soup version 0.23-a0-516-g0f8c245 (webtiles) character file.

728 theanonym the Cutter (level 7, -9/53 HPs)
             Began as a Mummy Enchanter on Dec 5, 2018.
             Mangled by an ogre
             ... wielding a +0 giant club
              (17 damage)
             ... on level 5 of the Dungeon.
             The game lasted 00:04:32 (3706 turns).

theanonym the Cutter (Mummy Enchanter)              Turns: 3706, Time: 00:04:33

Health: -9/53      AC: 14    Str: 13    XL:     7   Next: 44%
Magic:  11/11      EV:  1    Int: 14    God:
Gold:   79         SH:  7    Dex: 13    Spells: 10/11 levels left

rFire    x . .     SeeInvis .   a - +2 short sword (venom)
rCold    + . .     Gourm    .   f - +0 shield
rNeg     + + +     Faith    .   e - +0 plate armour
rPois    ∞         Spirit   .   (no helmet)
rElec    .         Reflect  .   (no cloak)
rCorr    .         Harm     .   j - +2 pair of gloves
MR       .....                  (no boots)
Stlth    ..........             (no amulet)
HPRegen  0.17/turn              (no ring)
MPRegen  0.12/turn              (no ring)

@: no status effects
A: no food or potions, fire vulnerability, cold resistance 1, negative energy
resistance 3, torment resistance, unbreathing
a: no special abilities


Innate Abilities, Weirdness & Mutations

You do not eat or drink.
Your flesh is vulnerable to fire.
You are immune to poison.
Your flesh is cold resistant. (rC+)
You are immune to negative energy. (rN+++)
You are immune to unholy pain and torment.
You can survive without breathing.


   Skills:
 + Level 3.9 Fighting
 * Level 5.0 Short Blades
 + Level 2.9 Armour
 - Level 1.5 Dodging
 - Level 2.4 Stealth
 - Level 2.6 Spellcasting
 - Level 2.6 Hexes


You had 10 spell levels left.
You knew the following spells:

 Your Spells              Type           Power        Failure   Level  Hunger
a - Corona                Hex            #......      100%        1    N/A

Your spell library contained the following spells:

 Spells                   Type           Power        Failure   Level  Hunger
 Ensorcelled Hibernation  Hex/Ice        #.....       100%        2    N/A
 Confuse                  Hex            #.......     100%        3    N/A
 Dazzling Spray           Conj/Hex       #.....       100%        3    N/A
 Tukima's Dance           Hex            #.......     100%        3    N/A

Skill      XL: |  1  2  3  4  5  6  7 |
---------------+----------------------+-----
Short Blades   | 1 2 3 4 5 |  5.0
Fighting       | 1 2 3 |  3.9
Armour         | 1 2 |  2.9
Dodging        | |  1.5
Stealth        | |  2.4
Spellcasting   | |  2.6
Hexes          | |  2.6

Action                   |  1- 3 |  4- 6 |  7- 9 || total
-------------------------+-------+-------+-------++-------
Melee: Short sword       |    94 |   201 |   169 ||   464
       Dagger            |     1 |       |       ||     1
  Use: Scroll            |       |     5 |       ||     5
 Stab: Sleeping          |     1 |       |       ||     1
Armor: Plate armour      |   105 |   179 |   106 ||   390
Dodge: Dodged            |    20 |    37 |     2 ||    59
Block: Shield            |       |       |    43 ||    43

Inventory:

Hand Weapons
 a - a +2 short sword of venom (weapon)
   (You took it off a kobold on level 1 of the Dungeon)
 c - a +1 dagger
Armour
 b - a +0 robe
 e - a +0 plate armour (worn)
   (You found it on level 1 of the Dungeon)
 f - a +0 shield (worn)
   (You bought it in a shop on level 5 of the Dungeon)
 j - a +2 pair of gloves (worn)
   (You found it on level 2 of the Dungeon)
Jewellery
 d - a +2 amulet of reflection {unknown}
   (You found it on level 4 of the Dungeon)
Scrolls
 t - 3 scrolls of teleportation {!r}
 B - a scroll of blinking


You were on level 5 of the Dungeon.
You were not hungry.

You visited 1 branch of the dungeon, and saw 5 of its levels.

You collected 196 gold pieces.
You spent 117 gold pieces at shops.

Dungeon Overview and Level Annotations

Branches:
Dungeon (5/15)
 Temple: D:4-7

Altars:
Makhleb
Ru

Shops:
D:5

[ ...#####...##
...%.....####
........## #
.P........# # #.#
..P!....#.# # #.#
......... .. # #.
#.# #......... ..#
# #. #.#
##)......... ... #
#. #.#
##@O.#.##....
...##
##.###.###..#.#
###.. ...##
#...)..##..#..#.#
........
#................
##...###.
#.[...##.##.#.##..
........
#.....##.# ...# #
#.#.....
#####.##.# ####
#.#...# #.##.#
##.....##
######.####
#.<.##.#.


You could see an ogre.

Notes
Turn   | Place    | Note
-------+----------+-------------------------------------------
     0 | D:1      | theanonym the Mummy Enchanter began the quest for the Orb.
     0 | D:1      | Reached XP level 1. HP: 13/13 MP: 4/4
    98 | D:1      | Reached skill level 1 in Short Blades
   294 | D:1      | Reached XP level 2. HP: 17/20 MP: 5/5
   674 | D:2      | Reached skill level 1 in Fighting
   758 | D:2      | Reached skill level 2 in Short Blades
   812 | D:2      | Reached XP level 3. HP: 26/26 MP: 7/7
   887 | D:2      | Found a burning altar of Makhleb.
  1510 | D:3      | HP: 13/26 [orc (4)]
  1514 | D:3      | Reached XP level 4. HP: 17/33 MP: 8/8
  1686 | D:3      | You fall through a shaft for 2 floors!
  1686 | D:5      | Entered Level 5 of the Dungeon
  1698 | D:5      | Reached skill level 2 in Fighting
  1780 | D:4      | Reached skill level 3 in Short Blades
  1780 | D:4      | Reached skill level 1 in Armour
  1950 | D:3      | Found a faded altar of an unknown god.
  2024 | D:3      | Reached XP level 5. HP: 38/38 MP: 9/9
  2590 | D:4      | Found a sacrificial altar of Ru.
  2611 | D:4      | HP: 17/39 [iguana (10)]
  2612 | D:4      | Reached XP level 6. HP: 20/46 MP: 10/10
  2807 | D:4      | Reached skill level 3 in Fighting
  2807 | D:4      | Reached skill level 2 in Armour
  2893 | D:4      | Reached skill level 4 in Short Blades
  3135 | D:4      | Reached XP level 7. HP: 27/52 MP: 11/11
  3313 | D:5      | Found Kaqogh's Antique Armour Shop.
  3321 | D:5      | Bought a shield for 117 gold pieces
  3698 | D:5      | Reached skill level 5 in Short Blades
  3703 | D:5      | HP: 26/53 [ogre/+0 giant club (11)]
  3705 | D:5      | HP: 8/53 [ogre/+0 giant club (18)]
  3706 | D:5      | Mangled by an ogre

Vanquished Creatures
  An ogre (D:4)
  3 crimson imps (D:5)
  A bullfrog skeleton (D:5)
  3 hounds
  A centaur skeleton (D:4)
  3 orc wizards
  An iguana (D:4)
  3 worker ants (D:4)
  A hound zombie (D:5)
  A worker ant zombie (D:5)
  6 adders
  A howler monkey skeleton (D:4)
  A shadow imp (D:5)
  An ooze (D:2)
  An adder skeleton (D:5)
  2 adder zombies (D:5)
  A worm (D:2)
  A dart slug (D:1)
  2 leopard geckos
  10 orcs
  5 giant cockroaches
  9 goblins
  5 hobgoblins
  5 jackals
  7 kobolds
  2 quokkas
  9 bats
  5 frilled lizards
  A giant cockroach zombie (D:5)
  A leopard gecko skeleton (D:5)
  A leopard gecko zombie (D:5)
  A quokka skeleton (D:5)
  A quokka zombie (D:5)
  5 rats
101 creatures vanquished.

Table legend:
 A = Turns spent in this place as a percentage of turns spent in the entire game.
 B = Non-inter-level travel turns spent in this place as a percentage of non-inter-level travel turns spent in the entire game.
 C = Inter-level travel turns spent in this place as a percentage of turns spent in this place.
 D = Turns resting spent in this place as a percentage of non-inter-level travel turns spent in this place.
 E = Turns spent auto-exploring this place as a percentage of non-inter-level travel turns spent in this place.
 F = Non-inter-level travel turns spent in this place divided by the number of levels of this place that you've seen.
                   A       B       C       D       E      F
               +-------+-------+-------+-------+-------+----------------------
         Total | 100.0 | 100.0 |   2.8 |  21.0 |  55.6 | 720.8
       Dungeon | 100.0 | 100.0 |   2.8 |  21.0 |  55.6 | 720.8
               +-------+-------+-------+-------+-------+----------------------
